[Event "24th Hoogeschool Zeeland 2022"]
[Site "Vlissingen"]
[Date "2022.08.12"]
[Round "8.22"]
[White "Lacrosse, Marc"]
[Black "Zevenhuizen, Daniel"]
[Result "0-1"]
[ECO "E94"]
[WhiteElo "2003"]
[BlackElo "2168"]
[Annotator "TA"]
[PlyCount "98"]
[EventDate "2022.08.05"]
[EventType "swiss"]
[EventCountry "NED"]
[SourceTitle "playchess.com"]
[Source "ChessBase"]
[SourceQuality "1"]
[TimeControl "40/5400+30:1800+30"]

1. d4 Nf6 2. c4 g6 3. Nc3 Bg7 4. e4 d6 5. Be2 O-O 6. Nf3 e5 7. Be3 Na6 8. O-O Qe7 {[%emt 0:01:13][%cal Of6e4] 8...c6 is becoming the main line.} 9. dxe5 {[%emt 0:05:25] E94: King's Indian: Classical: 6 Be2 e5 7 0-0: Various Black 7th moves.} dxe5 10. Nd5 Qd8 {[%emt 0:03:35] [#]} 11. Qb1 $146 {[%emt 0:13:40] White is slightly better.} ({Predecessor:} 11. Bg5 Nc5 12. Nxf6+ Bxf6 13. Qxd8 Bxd8 14. Bxd8 Rxd8 15. Nxe5 Rd2 16. Bf3 Rxb2 17. Rfb1 Rxb1+ 18. Rxb1 {0-1 (40) Navara,D (2697)-Adhiban,B (2660) chess24.com INT 2021}) 11... Ng4 12. Bg5 f6 13. Bh4 g5 14. Bg3 c6 15. Nc3 Qe7 16. a3 Nh6 17. b4 $36 {[%emt 0:09:43][%mdl 2048] White has good play.} Nc7 18. c5 Ne6 19. Rd1 Kh8 20. Ra2 g4 21. Nh4 Nf4 (21... Nd4 $11) 22. Bc4 $14 f5 23. Nxf5 (23. Rad2 $14) 23... Nxf5 $11 24. exf5 Bxf5 25. Ne4 Rad8 26. Rad2 {[%emt 0:01:13] [#]} (26. Rxd8 $11 Rxd8 27. Qe1 Bxe4 28. Qxe4) 26... Rxd2 $1 $17 27. Rxd2 {[%emt 0:00:11] [#]} h5 $1 28. Qe1 h4 29. Bxf4 {[%emt 0:00:05] This move loses the game for White.} (29. Nd6 $17 hxg3 30. hxg3) 29... exf4 $19 30. f3 (30. Re2 f3 31. Re3) 30... gxf3 31. gxf3 Bc3 $1 {[%emt 0:00:50] And now ...Bxe4 would win. This bishop pair is nice.} 32. Kf1 (32. Rd7 $142 Qxd7 33. Qxc3+ Qg7+ 34. Qxg7+ Kxg7 35. Nd6) 32... Bxd2 33. Qxd2 Bxe4 34. Qd4+ (34. fxe4 $142 Rd8 35. Qc3+ Qg7 36. Qe1) 34... Kh7 35. fxe4 {[%emt 0:00:31][%mdl 4096] Endgame KQR-KQB} Re8 {[%emt 0:00:35] Strongly threatening ...Rd8.} 36. Bd3 Kh6 37. Ke2 (37. Be2 $142) 37... Qe5 38. Qd7 Re7 (38... f3+ $142 39. Kxf3 Rf8+ 40. Ke3 Qf4+ 41. Kd4 Qxh2) 39. Qd8 $2 (39. Qh3) 39... Qf6 {[%emt 0:00:37][%cal Oe7e4] aiming for ...Rxe4+!} 40. Kf3 Kg7 41. Bc4 Qe5 42. Qg8+ Kh6 43. Qf8+ Kg6 44. Kg4 $2 (44. Qg8+ $19 Kh6 45. Qf8+ Kg5 46. Qg8+ Qg7 47. Qd8) 44... h3 (44... Qh5+ $142 45. Kxf4 Qe5+ 46. Kf3 Qxe4+ 47. Kf2 Qd4+ 48. Kg2 h3+ 49. Kxh3 Re3+ 50. Kg2 Qxc4 51. Qd6+ Re6 52. Qg3+ Kh6 53. Qh3+ Kg7 54. Qg3+ Rg6 55. a4 Qc2+ 56. Kh3 Rxg3+ 57. Kxg3 Qxa4 58. Kg4 Qxb4+ 59. Kf5 Kh6 60. h3 Qxc5+ 61. Kf4 b5 62. h4 b4 63. h5 b3 64. Kf3 b2 65. Ke2 b1=Q 66. Kf3 Qbf5+ 67. Kg2 Qg4+ 68. Kh2 Qcxh5#) 45. Qxf4 {[%emt 0:10:58] Black is clearly winning.} Qxe4 46. Bf7+ Kg7 {[%emt 0:00:07] ( -> ...Qe2+)} 47. Qxe4 Rxe4+ 48. Kf3 Rd4 49. Ke3 Rd1 {[%emt 0:00:07] Weighted Error Value: White=0.76/Black=0.66} 0-1

[Event "24th Hoogeschool Zeeland 2022"]
[Site "Vlissingen"]
[Date "2022.08.12"]
[Round "8.23"]
[White "Verwoert, Jef"]
[Black "Tabak, Stefan"]
[Result "1/2-1/2"]
[WhiteElo "1998"]
[BlackElo "2181"]
[Annotator "TA"]
[PlyCount "19"]
[EventDate "2022.08.05"]
[EventType "swiss"]
[EventCountry "NED"]
[SourceTitle "playchess.com"]
[Source "ChessBase"]
[SourceQuality "1"]
[TimeControl "40/5400+30:1800+30"]

1. Nc3 d5 2. e4 dxe4 3. Nxe4 e5 4. Bc4 Nc6 5. Nf3 h6 6. O-O {[%emt 0:08:32][%cal Od2d4] A00: Irregular Openings.} Nf6 7. Re1 {[%emt 0:13:17] [#]} Nxe4 $146 ({Predecessor:} 7... Be7 8. Nxf6+ Bxf6 9. h3 O-O 10. d3 Bf5 11. a3 Re8 12. Nd2 Be6 13. Bb5 a6 14. Bxc6 bxc6 15. Ne4 Bd5 16. Be3 Bxe4 17. dxe4 Qxd1 18. Rexd1 {1-0 (18) Tegelidis,P (2115)-Mourtzouni,M (1755) Mitilini 2008}) 8. Rxe4 Bf5 9. Re1 (9. Rxe5+ $16 Nxe5 10. Nxe5) 9... Qf6 10. Bd5 $1 {[%emt 0:08:27] Weighted Error Value: White=0.23 (precise) /Black=0.21 (precise)} 1/2-1/2

[Event "24th Hoogeschool Zeeland 2022"]
[Site "Vlissingen"]
[Date "2022.08.12"]
[Round "8.24"]
[White "Cordes, Hans-Joerg"]
[Black "Bazilius, Augustinas"]
[Result "1/2-1/2"]
[ECO "B07"]
[WhiteElo "2154"]
[BlackElo "2045"]
[Annotator "TA"]
[PlyCount "103"]
[EventDate "2022.08.05"]
[EventType "swiss"]
[EventCountry "NED"]
[SourceTitle "playchess.com"]
[Source "ChessBase"]
[SourceQuality "1"]
[TimeControl "40/5400+30:1800+30"]

1. d4 Nf6 2. Nc3 g6 3. Bf4 d6 4. e4 c6 5. Qd2 Bg7 6. Bh6 Bxh6 7. Qxh6 e5 {[%emt 0:02:19] B07: Pirc Defence: Miscellaneous Systems.} 8. Nf3 Nbd7 9. Bc4 exd4 {[%emt 0:35:09] White is slightly better.} 10. Nxd4 (10. Qg7 Rf8 11. Nxd4 Ne5 $15) 10... Ne5 {[%emt 0:01:35] [#]} 11. Be2 $146 ({Predecessor:} 11. Bb3 Neg4 12. Qg7 Rf8 13. h3 Ne5 14. Qh6 Qe7 15. f4 Ned7 16. O-O-O Nc5 17. Nf3 Ncxe4 {1-0 (23) Matthews,M (1499)-Tosney,P (1489) IECC email 2004}) 11... Neg4 12. Qg5 (12. Qd2 $1 $16) 12... Nxf2 $1 $11 13. O-O (13. Kxf2 $2 Ng4+ $1 14. Qxg4 Bxg4 15. Bxg4 Qh4+ 16. Kf3 d5 $19) 13... N2xe4 14. Nxe4 Nxe4 15. Qxd8+ ({Don't play} 15. Qf4 Qe7 16. Bf3 f5 17. Bxe4 fxe4 $17) 15... Kxd8 16. Rxf7 Re8 (16... d5 $11) 17. Raf1 (17. Rxh7 $16 {aiming for Rf1.} c5 18. Bb5 cxd4 19. Bxe8 Kxe8 20. Rf1) 17... c5 18. Nb5 (18. Bb5 $5 Re7 19. Rf8+ Kc7 20. Ne2 $11) 18... Ng5 (18... Bd7 $1 $11) 19. Rf8 $16 Ne6 20. Rxe8+ Kxe8 21. Re1 ({White should try} 21. Bc4 $16 {Threatens to win with Bxe6.} a6 22. Nxd6+ Ke7 23. Ne4) 21... a6 (21... Kd7 $1 $11) 22. Nxd6+ Ke7 23. Ne4 {[%emt 0:03:49] White is more active.} Bd7 (23... b6 $16) 24. Bg4 $1 $18 Rc8 25. Ng5 $1 Rc6 26. Nxh7 Kd6 (26... Kd8 $142 27. Nf6 Ke7) 27. Rd1+ Ke7 {[%emt 0:00:49] [#]} 28. Rxd7+ $1 Kxd7 {[%emt 0:00:05][%mdl 4096] Endgame KRN-KBN} 29. Nf8+ Ke7 (29... Kd6 {keeps fighting.} 30. Nxe6 (30. Bxe6 Ke7 $11) 30... Rb6) 30. Nxe6 Rd6 ({Not} 30... Rxe6 31. Bxe6 Kxe6 32. Kf2 $16) 31. Nxc5 {[%emt 0:05:00] Black must now prevent Bf3.} Rd2 32. Nxb7 Rxc2 33. a4 (33. b3 $18) 33... Rc4 34. Be2 Rxa4 35. Nc5 Ra2 36. Nxa6 {[%emt 0:00:29] Strongly threatening Bd3.} Rxb2 37. Kf2 Kd6 38. Ke3 Rb3+ 39. Kd2 Rb2+ 40. Ke3 Rb3+ $1 41. Kf2 Rb2 42. h4 Rb3 (42... Ra2 {is a better defense.} 43. g3 Ra4) 43. Bc4 Ra3 {[%emt 0:04:52] [#]} 44. g3 $1 Kc6 (44... Ra1 $16 45. Bd3 Ra3) 45. Be2 Rb3 46. g4 $2 (46. Bf3+ $18 Kd6 47. Be4) 46... Kd6 {[%emt 0:04:16] [#]} (46... Rh3 $1 $14) 47. g5 ({White should play} 47. Kg2 $1 $16) 47... Rh3 $11 {[%emt 0:01:43] The position is equal.} 48. Nb4 $1 Rxh4 49. Nd3 Ra4 50. Ke3 Ra3 51. Bf3 {[%emt 0:00:18] And now Be4 would win.} Rxd3+ $1 52. Kxd3 {[%emt 0:00:13] Weighted Error Value: White=0.39/Black=0.23 (precise)} 1/2-1/2

[Event "24th Hoogeschool Zeeland 2022"]
[Site "Vlissingen"]
[Date "2022.08.13"]
[Round "9.1"]
[White "Harsha Bharathakoti"]
[Black "Lalith Babu M R"]
[Result "1-0"]
[ECO "C77"]
[WhiteElo "2547"]
[BlackElo "2549"]
[Annotator "TA"]
[PlyCount "65"]
[EventDate "2022.08.05"]
[EventType "swiss"]
[EventCountry "NED"]
[SourceTitle "playchess.com"]
[Source "ChessBase"]
[SourceQuality "1"]
[TimeControl "40/5400+30:1800+30"]

1. e4 e5 2. Nf3 Nc6 3. Bb5 a6 4. Ba4 Nf6 5. d3 b5 6. Bb3 Bc5 7. Bg5 h6 {[%emt 0:00:49] C77: Ruy Lopez: 3...a6 4 Ba4 Nf6, unusual lines.} 8. Bh4 d6 9. c3 Bb6 {[%emt 0:00:10] White has an edge.} 10. a4 {[%emt 0:02:17] is the new trend.} Rb8 (10... g5 $5 11. Bg3 (11. axb5 Na5 $15) 11... b4 $11) 11. axb5 (11. O-O {keeps more tension.} g5 12. axb5 Na5 13. Ba2) 11... axb5 12. Na3 g5 13. Bg3 {[%emt 0:00:39] [#]} b4 $146 ({Predecessor:} 13... Na5 14. Bc2 b4 15. cxb4 Nc6 16. Ba4 Bd7 17. Nc4 Nxb4 18. Bxd7+ Nxd7 19. O-O O-O 20. Nxb6 Rxb6 {1-0 (41) Praggnanandhaa,R (2642)-Carlsen,M (2864) chess24.com INT 2022}) 14. Nc4 (14. Ba4 $5 Bd7 15. Nc4 $14) 14... bxc3 {[%emt 0:02:37] White must now prevent ...g4.} 15. bxc3 Ne7 16. Nxb6 Rxb6 17. h4 g4 18. Nd2 {[%emt 0:01:05] White is more active.} Ng6 19. Nc4 Rb8 20. Ba4+ Kf8 21. Ne3 Nf4 22. O-O N6h5 23. Bc2 (23. Nxg4 Rg8 24. Ne3 (24. Nxh6 $2 Nxg3 25. fxg3 Rxg3 $19) 24... Rxg3 25. fxg3 Nxg3 26. Rxf4 exf4 $19) 23... Rg8 24. d4 Qf6 {[%emt 0:07:34] [#]} ({Black should play} 24... Be6 $14) 25. Kh2 $1 $16 Kg7 26. Ra7 Qe7 {[%emt 0:00:29] [#]} (26... Qd8 $16 27. c4 Be6) 27. Qa1 $1 $18 Kh8 (27... Qf6 $142 28. Rxc7 Rd8) 28. Qa5 ({Weaker is} 28. Kh1 Ne2 29. Qe1 Nef4 $16) 28... exd4 29. cxd4 ({Less strong is} 29. Rxc7 Qd8 30. cxd4 Rb7 $14) 29... Rb7 (29... Re8 $142 30. d5 Rd8 31. Rxc7 Bd7) 30. Rxb7 Bxb7 31. Nf5 $1 Qd7 (31... Qe6 32. d5 Qf6 33. Qxc7 Rc8 34. Qxb7 Rxc2 35. Qb8+ Kh7 36. Qxd6 Qxd6 37. Nxd6 Kg6 38. Bxf4 Nxf4) 32. Bxf4 Nxf4 33. Qd2 {[%emt 0:00:04] Weighted Error Value: White=0.03 (flawless) /Black=0.30} 1-0

[Event "24th Hoogeschool Zeeland 2022"]
[Site "Vlissingen"]
[Date "2022.08.13"]
[Round "9.2"]
[White "Ikonnikov, Vyacheslav"]
[Black "Ponomariov, Ruslan"]
[Result "1/2-1/2"]
[ECO "D18"]
[WhiteElo "2493"]
[BlackElo "2642"]
[Annotator "TA"]
[PlyCount "89"]
[EventDate "2022.08.05"]
[EventType "swiss"]
[EventCountry "NED"]
[SourceTitle "playchess.com"]
[Source "ChessBase"]
[SourceQuality "1"]
[TimeControl "40/5400+30:1800+30"]

1. d4 Nf6 2. Nf3 d5 3. c4 c6 4. Nc3 dxc4 5. a4 Bf5 6. e3 e6 7. Bxc4 Bb4 8. Bd2 O-O {[%emt 0:02:43] D18: Slav Defence: 5 a4 Bf5 6 e3.} 9. Ne4 Bxd2+ 10. Nexd2 {[%emt 0:01:33] [#]} a5 $146 ({Predecessor:} 10... Nbd7 11. Nh4 Bg4 12. Be2 Bxe2 13. Kxe2 e5 14. dxe5 Nxe5 15. Ndf3 Qb6 16. Qc2 Qa6+ {0-1 (28) Junge,W (1848)-Heuser,P (2095) Berlin 2014}) 11. O-O Nbd7 12. Re1 Ne4 13. Nxe4 (13. Qb3 {looks sharper.} Qc7 14. Nxe4 Bxe4 15. Nd2) 13... Bxe4 14. Nd2 Bg6 15. Qb3 Nb6 16. Qc3 Qd6 17. Rec1 Rfd8 18. Nb3 Nxc4 19. Qxc4 e5 20. Qc5 exd4 21. Qxd6 Rxd6 22. Nxd4 f6 23. Ra3 Bf7 24. Rac3 Kf8 25. f3 g6 26. Kf2 Ke7 27. g4 Ra6 28. Rc5 Rd5 29. Rxd5 Bxd5 $11 {[%emt 0:00:04][%mdl 4096] Endgame KRB-KRN} 30. e4 Bf7 31. Ke3 Kd6 32. Rc3 (32. Rd1 $5 ) 32... Ra8 33. h4 Re8 (33... Ra6 $11) 34. Nb3 b6 35. Nd4 c5 {[%emt 0:01:44] The position is equal.} 36. Nb5+ Ke7 $1 37. g5 Rd8 38. Rd3 Rxd3+ 39. Kxd3 {[%emt 0:00:04] KB-KN} Bb3 40. Nc3 {[%emt 0:00:17] [#] Threatens to win with Nd5+.} fxg5 41. hxg5 {[%emt 0:30:06] Hoping for Nd5+.} Kd6 {[%emt 0:30:18] Against Nd5} 42. f4 Ke6 43. Ke3 Kd6 $1 44. Kd3 Ke6 45. Ke3 {[%emt 0:00:44] Weighted Error Value: White=0.07 (flawless) /Black=0.06 (flawless)} 1/2-1/2

[Event "24th Hoogeschool Zeeland 2022"]
[Site "Vlissingen"]
[Date "2022.08.13"]
[Round "9.3"]
[White "Santiago, Yago De Moura"]
[Black "Vrolijk, Liam"]
[Result "1/2-1/2"]
[ECO "D41"]
[WhiteElo "2513"]
[BlackElo "2464"]
[Annotator "TA"]
[PlyCount "112"]
[EventDate "2022.08.05"]
[EventType "swiss"]
[EventCountry "NED"]
[SourceTitle "playchess.com"]
[Source "ChessBase"]
[SourceQuality "1"]
[TimeControl "40/5400+30:1800+30"]

1. d4 Nf6 2. c4 e6 3. Nf3 d5 4. Nc3 c5 5. cxd5 cxd4 6. Qxd4 exd5 7. e4 {[%emt 0:02:05] D41: Queen's Gambit Declined: Semi-Tarrasch with 5 cxd5.} dxe4 8. Qxd8+ Kxd8 9. Ng5 {[%emt 0:00:09][%csl LRe4,LRf7] White has an edge.} Be6 10. Nxe6+ fxe6 11. Bg5 Ke8 {[%emt 0:02:41] 11...Nc6 is more advanced technology.} 12. O-O-O Nc6 13. Bb5 Rc8 14. Kb1 Bb4 15. Bxf6 gxf6 16. Nxe4 Ke7 17. a3 {[%emt 0:00:59] [#]} Ba5 $146 ({Predecessor:} 17... f5 18. axb4 fxe4 19. Rhe1 Rhf8 20. Rd2 Rcd8 21. Rxd8 Nxd8 22. Re2 Nf7 23. Ba4 Nd6 {0-1 (79) Mamedyarov,S (2767)-Nepomniachtchi,I (2773) chess24.com INT 2022}) 18. Nd6 Rc7 19. Nc4 $1 {[%emt 0:04:59] [#] Black must now prevent Bxc6.} Bb6 20. Nxb6 axb6 21. Rhe1 Rd8 22. Rxd8 Nxd8 $14 {[%emt 0:00:06][%mdl 4096] Endgame KRB-KRN} 23. Re3 Rc5 24. Bd3 Rh5 25. h3 f5 26. Bf1 Rh4 27. Kc1 Rf4 28. f3 Rd4 29. Rb3 Rd6 30. f4 Kf6 31. Be2 h6 32. Bf3 Ke7 33. Bh5 Rd4 34. g3 ({Much worse is} 34. Rxb6 Rxf4 35. Bf3 e5 $11) 34... Rd6 35. Be2 Kf6 36. Rb4 e5 37. fxe5+ Kxe5 38. Rb5+ Ke4 39. Bd1 Rc6+ 40. Bc2+ Kf3 41. Kb1 {[%emt 0:09:40] aiming for Rb3+.} Kxg3 {[%emt 0:03:58] And now ...f4 would win.} 42. Bxf5 Kf4 43. Bc2 Kg3 44. Rh5 Rd6 45. Be4 Rd4 46. Bd5 (46. Bg6 $14) 46... Rh4 $1 $11 {[%emt 0:00:00] The position is equal.} 47. Rxh4 Kxh4 {[%emt 0:00:00] KB-KN} 48. a4 {[%emt 0:00:19] Threatens to win with b4.} Kxh3 49. b4 Kg4 50. a5 bxa5 51. bxa5 Kf4 {[%emt 0:00:00] [#]} 52. Bxb7 $1 Ne6 (52... Nxb7 $2 53. a6 Nc5 54. a7 $18) (52... Ke5 53. a6) 53. Kb2 {[%emt 0:00:00] a6 is the strong threat.} Ke5 54. Bc8 {[%emt 0:00:00] Threatening mate with Bxe6.} Nc7 55. Kb3 Kd5 56. Kb4 Kc6 {[%emt 0:00:00] Weighted Error Value: White=0.04 (flawless) /Black=0.04 (flawless)} 1/2-1/2

[Event "24th Hoogeschool Zeeland 2022"]
[Site "Vlissingen"]
[Date "2022.08.13"]
[Round "9.4"]
[White "Klepke, Ricardo"]
[Black "Beerdsen, Thomas"]
[Result "0-1"]
[ECO "E11"]
[WhiteElo "2293"]
[BlackElo "2500"]
[Annotator "TA"]
[PlyCount "84"]
[EventDate "2022.08.05"]
[EventType "swiss"]
[EventCountry "NED"]
[SourceTitle "playchess.com"]
[Source "ChessBase"]
[SourceQuality "1"]
[TimeControl "40/5400+30:1800+30"]

1. d4 Nf6 2. c4 e6 3. g3 d5 4. Nf3 Bb4+ 5. Bd2 Be7 6. Bg2 O-O 7. Qb3 {[%emt 0:03:12] E11: Bogo-Indian.} a5 8. O-O {[%emt 0:05:01] [#]} a4 $146 ({Predecessor:} 8... c6 9. Rd1 b5 10. c5 Ne4 11. Bf4 Nd7 12. Nc3 g5 13. Nxe4 gxf4 14. Nd6 fxg3 15. hxg3 Bxd6 16. cxd6 {½-½ (45) Pogonina,N (2479)-Haug,J (2407) Caleta 2020}) 9. Qc2 {[%emt 0:01:47] The position is equal.} c6 10. Ne5 Nbd7 11. Nxd7 Bxd7 12. a3 dxc4 13. Qxc4 b5 14. Qd3 Rc8 15. Nc3 Qb6 16. Bg5 Rfd8 17. Ne4 Be8 18. Rfd1 Rd7 19. Bxf6 (19. Nxf6+ $1 $14 gxf6 20. Be3) 19... gxf6 $11 20. Qc3 Rcd8 $1 {[%emt 0:01:56] And now ...f5 would win.} 21. d5 $1 Rxd5 22. Rxd5 Rxd5 23. Nxf6+ Bxf6 24. Qxf6 Qd8 $36 {[%emt 0:00:20][%mdl 2048] Black is more active.} 25. Qf4 Rd4 26. Qe5 h6 27. Bf3 Qd6 28. Qe3 (28. Qxd6 $11 Rxd6 29. Kf1) 28... e5 $15 29. Qc3 c5 30. e3 Rd3 31. Qa5 Rd2 (31... Bc6 $17 32. Bxc6 Qxc6) 32. Qa8 Kf8 33. Rc1 c4 34. h4 {[%emt 0:01:16] [#]} Ke7 $1 (34... Rxb2 $2 35. Rd1 Qxd1+ 36. Bxd1 $18) 35. Qa7+ Kf6 36. Qa8 {[%emt 0:00:41] [#]} Bd7 {[%emt 0:00:35] White must now prevent ...Kg7.} 37. g4 Kg7 {[%emt 0:00:28] ...Qf6 is the strong threat.} 38. Qe4 Qf6 {[%emt 0:00:59] aiming for ...Be6. Black is more active.} ({But not} 38... Rxb2 $6 39. Rd1 Rd2 40. Rxd2 Qxd2 41. Qxe5+ Kg8 42. g5 hxg5 43. Qxg5+ Kf8 44. Qd8+ Kg7 45. Qg5+ Kf8 46. h5 $11) 39. h5 $2 {[%emt 0:01:37][%mdl 8192] White does not recover from this.} (39. Rd1 $17 {nothing else works.} Bc6 40. Qf5 Qxf5 41. gxf5 Rxd1+ 42. Bxd1) 39... Be6 $19 40. Qa8 {[%emt 0:00:43] [#]} Bxg4 $1 41. Bxg4 (41. Be2 Rxe2) 41... Qxf2+ 42. Kh1 Qh2# {[%emt 0:00:05] Weighted Error Value: White=0.55/Black=0.06 (flawless)} 0-1

[Event "24th Hoogeschool Zeeland 2022"]
[Site "Vlissingen"]
[Date "2022.08.13"]
[Round "9.5"]
[White "Stillger, Bernhard"]
[Black "Baklan, Vladimir"]
[Result "0-1"]
[ECO "A05"]
[WhiteElo "2245"]
[BlackElo "2589"]
[Annotator "TA"]
[PlyCount "126"]
[EventDate "2022.08.05"]
[EventType "swiss"]
[EventCountry "NED"]
[SourceTitle "playchess.com"]
[Source "ChessBase"]
[SourceQuality "1"]
[TimeControl "40/5400+30:1800+30"]

1. Nf3 Nf6 2. g3 b5 3. Bg2 Bb7 4. O-O c5 5. d3 d5 6. a4 {[%emt 0:03:36] A05: Réti Opening: 1 Nf3 Nf6.} b4 7. e4 e6 8. exd5 {[%emt 0:03:05] The position is equal.} Bxd5 9. Nbd2 Be7 10. Nc4 Nbd7 11. Re1 O-O {[%emt 0:00:56] [#]} 12. Nfe5 $146 ({Predecessor:} 12. Nfd2 Qc7 13. Bxd5 Nxd5 14. a5 Nb8 15. Nb3 Nc6 16. Be3 Nxe3 17. Rxe3 Rfd8 18. Re4 {0-1 (90) Morrison,G (2340)-Arkell,K (2445) Edinburgh 1989}) 12... Nxe5 13. Nxe5 Qc7 14. a5 Rad8 15. Bf4 {[%emt 0:13:03][%cal Oe5f7] Nxf7! is the strong threat.} Bxg2 16. Kxg2 Nd5 17. Bd2 Bf6 18. Nc4 Rfe8 (18... Ne7 {is interesting.} 19. Bf4 Qc8 20. Be5 Bxe5 21. Rxe5 Nf5) 19. Qf3 Qd7 20. Rad1 Qa4 21. b3 Qd7 22. Rh1 Bd4 23. h4 e5 24. h5 (24. Rde1 $1 $11 {was the only way to keep the balance.}) 24... f5 $17 25. Rde1 Re6 (25... h6 $15) 26. Be3 $11 (26. Qxf5 $2 Rf8 27. Qxf8+ Kxf8 $19) 26... Bc3 27. Rd1 (27. Qxf5 $11 Rf8 28. Qg4) 27... Qc6 28. Bg5 e4 (28... Rd7 $17 {And now ...e4 would win.} 29. Kg1 Rf7) 29. dxe4 (29. Qxf5 $2 Rf8 30. Qg4 exd3 $19) 29... fxe4 30. Qe2 Rf8 31. Be3 (31. Ne3 $1 $15 Bd4 32. Nxd5 Qxd5 33. Be3) 31... Bd4 (31... Ref6 $142 {[%cal Of6f2] Hoping for ...Rxf2+!} 32. Qg4 Rxf2+ $3 33. Bxf2 e3) 32. Rdf1 ({Avoid the trap} 32. Bxd4 $2 e3 33. Kh2 (33. f3 $2 cxd4 34. Rd3 Nc3 $19) 33... Rxf2+ 34. Qxf2 exf2 35. Bxf2 Re2 $19) (32. Qg4 $17) 32... Nc3 33. Qg4 h6 34. Kh2 (34. Re1 $17 {was called for.}) 34... Qd5 35. Bf4 Ref6 36. Ne3 Qf7 37. Kg2 Nd5 38. Nxd5 Qxd5 39. Qe2 e3+ 40. f3 Rxf4 {[%emt 0:02:05] Black is much more active.} ({Better is} 40... Re6 $17 {White must now prevent ...g5.} 41. Rd1 Rfe8) 41. gxf4 $15 Rxf4 $40 {[%emt 0:30:03][%mdl 128] ( -> ...Qg5+). Black mounts an attack.} 42. Qc4 $2 (42. Rh3 $1 $15) 42... Qxc4 $19 {[%emt 0:01:40] Really sharp!} 43. bxc4 {[%emt 0:01:33][%mdl 4096] Endgame KRR-KRB} Bc3 {[%emt 0:00:07] Inhibits Re1.} 44. Rb1 e2 ({Stronger than} 44... Rxc4 45. Kf1 $19) 45. Kf2 e1=Q+ 46. Rhxe1 Bxe1+ 47. Rxe1 Rxc4 {[%emt 0:00:00] KR-KR} 48. Re7 $2 (48. Re2) 48... a6 (48... Rxc2+ $142 49. Ke3 Rc3+ 50. Kd2 a6) 49. Ra7 $2 (49. Re2) 49... Rxc2+ 50. Ke3 c4 ({Weaker is} 50... Rc3+ 51. Ke2 $17) 51. Rxa6 Ra2 52. Rb6 Rxa5 53. Rxb4 Rc5 54. Kd4 Rxh5 {[%emt 0:00:00] Strongly threatening ...Rf5.} 55. Rb8+ Kf7 56. Kxc4 Rf5 57. Rb3 Rf4+ 58. Kd5 {[%emt 0:00:00] [#]} g5 $2 (58... Kf6 $1 $19 {is more deadly.} 59. Rb6+ Kf5) 59. Ke5 $17 {[%emt 0:00:10] [#]} Kg6 (59... Rf6 $1 $17 {Threatens to win with ...Kg6.} 60. Ke4 h5) 60. Ra3 $2 (60. Rb6+ $11 Kh5 61. Rb3) 60... Kh5 $19 {[%emt 0:00:00] Black is clearly winning.} 61. Rb3 Kh4 62. Rb6 h5 63. Rb3 Kg3 {[%emt 0:00:27] Weighted Error Value: White=0.74/Black=0.32} 0-1

[Event "24th Hoogeschool Zeeland 2022"]
[Site "Vlissingen"]
[Date "2022.08.13"]
[Round "9.6"]
[White "Grutter, Tim"]
[Black "Leenhouts, Koen"]
[Result "1-0"]
[ECO "C60"]
[WhiteElo "2246"]
[BlackElo "2442"]
[Annotator "TA"]
[PlyCount "83"]
[EventDate "2022.08.05"]
[EventType "swiss"]
[EventCountry "NED"]
[SourceTitle "playchess.com"]
[Source "ChessBase"]
[SourceQuality "1"]
[TimeControl "40/5400+30:1800+30"]

1. e4 {[%emt 0:00:01] ChessBase II} e5 2. Nf3 Nc6 3. Bb5 g6 4. d4 exd4 5. Bg5 Be7 6. Bxe7 Qxe7 7. O-O Qc5 {[%emt 0:03:52] C60: Ruy Lopez: Unusual Black 3rd moves and 3...g6.} 8. Bxc6 dxc6 9. Qxd4 Qxd4 {[%emt 0:00:29] White has an edge.} 10. Nxd4 Bd7 11. Nc3 O-O-O {[%emt 0:04:58] [#]} 12. Rfd1 $146 ({Predecessor:} 12. Rad1 Nf6 13. f3 Rde8 14. Kf2 g5 15. Rfe1 Re5 16. Nb3 Rhe8 17. h3 Nh5 18. Nc1 {½-½ (65) Martinez Duany,L (2509)-Demchenko,A (2671) Rochefort 2018 EXT 2019 [ChessBase II]}) 12... c5 13. Nb3 b6 14. Nd5 Be6 15. Nf4 Ne7 16. Nxe6 fxe6 17. Nd2 Nc6 18. Nf3 (18. Nc4 $11) 18... Nd4 (18... Rdg8 $15 {is more appropriate.}) 19. Ne1 $11 g5 20. c3 Nc6 21. Kf1 Rdf8 (21... Rd6 {is interesting.} 22. Ke2 Rf8 23. b3 Ne5) 22. Ke2 g4 23. b3 h5 (23... c4 $5) 24. Nd3 (24. Ke3 {keeps more tension.} h4 25. Nd3 h3 26. Rg1) 24... h4 25. f4 gxf3+ (25... g3 $11) 26. gxf3 $14 Rh5 27. Rg1 b5 28. Ke3 {[%emt 0:03:01] Hoping for a4.} c4 $1 29. Nf4 Rh6 {[%emt 0:00:21] White must now prevent ...Rhf6.} 30. Rg6 (30. Raf1 {feels hotter.} Rhf6 31. Ng6 Rg8 32. Nxh4 Rh8 33. Ng6) 30... Rxg6 31. Nxg6 $11 {[%emt 0:00:01][%mdl 4096] Endgame KRN-KRN} Rd8 (31... Rg8 $5 32. Rg1 (32. Nxh4 Rh8 $11) 32... cxb3 33. axb3 a5 $11) 32. bxc4 bxc4 33. Rc1 Rg8 34. Rg1 ({Much weaker is} 34. Nxh4 Rh8 35. Ng6 Rxh2 $11) 34... e5 35. f4 $1 {[%emt 0:01:13] White is more active.} exf4+ 36. Kxf4 h3 37. Rg3 Kb7 {[%emt 0:00:51] [#]} (37... a5 $16 {is a better defense.} 38. Kf5 Rd8) 38. e5 $1 $18 Kb6 39. Kf5 Ne7+ $2 {[%emt 0:02:10] [#]} (39... Rd8 40. Rxh3 Rd2) 40. Kf6 $1 ({Not} 40. Nxe7 $2 Rxg3 41. e6 (41. hxg3 $2 {perishes.} h2 $19) 41... Rg2 42. Nc8+ Kb7 $19) 40... Nxg6 (40... Nc6 41. e6 Rd8 42. Rxh3 Rd2) 41. Rxg6 Rb8 42. Kf7+ {[%emt 0:01:06] Weighted Error Value: White=0.08 (flawless) /Black=0.22 (precise)} 1-0